 Dungeon Crawl Stone Soup version 0.28-a0-1412-gf95308ed99 (webtiles) character file.

Game seed: 11336552681256875885

464 HallandMoats the Skirmisher (level 7, -2/60 HPs)
             Began as a Ghoul Fighter on Jan 6, 2022.
             Slain by a scorpion (4 damage)
             ... on level 4 of the Dungeon.
             The game lasted 00:03:24 (3095 turns).

HallandMoats the Skirmisher (Ghoul Fighter)         Turns: 3095, Time: 00:03:24

Health: -2/60      AC:  9    Str: 20    XL:     7   Next: 8%
Magic:  6/6        EV:  9    Int:  5    God:
Gold:   163        SH:  4    Dex:  8    Spells: 6/6 levels left

rFire   . . .      SeeInvis .   b - +1 short sword (venom)
rCold   + . .      Faith    .   c - +0 buckler
rNeg    + + +      Spirit   .   l - +0 scale mail
rPois   ∞          Reflect  .   (no helmet)
rElec   .          Harm     .   i - +0 cloak
rCorr   .          Rampage  .   (no gloves)
Will    .....                   j - +0 pair of boots
Stlth   ..........              (no amulet)
HPRegen 0.00/turn               (no ring)
MPRegen 0.10/turn               (no ring)

@: inhibited regen
A: claws 1, cold resistance 1, negative energy resistance 3, inhibited
regeneration, torment resistance 2
a: no special abilities


You were on level 4 of the Dungeon.
You visited 1 branch of the dungeon, and saw 4 of its levels.

You collected 163 gold pieces.

Inventory:

Hand Weapons
 a - a +0 flail
 b - a +1 short sword of venom (weapon)
 d - the +1 dagger of Dividends {flame, *Corrode Str+6 Dex+2}
   (You found it on level 2 of the Dungeon)

   It burns those it strikes, dealing additional fire damage.
   Str:       It affects your strength (+6).
   Dex:       It affects your dexterity (+2).
   *Corrode:  It may corrode you when you take damage.
Armour
 c - a +0 buckler (worn)
 i - a +0 cloak (worn)
 j - a +0 pair of boots (worn)
 l - a +0 scale mail (worn)
Scrolls
 f - 3 scrolls of identify {unknown}
 g - 3 scrolls of teleportation {unknown}
 k - a scroll of summoning {unknown}
 m - a scroll of blinking {unknown}
 n - 3 scrolls of enchant weapon {unknown}
 p - 2 scrolls of fog {unknown}
 t - a scroll of brand weapon {unknown}
 x - a scroll of amnesia {unknown}
Potions
 h - 6 potions of curing {unknown}
 o - 2 potions of heal wounds {unknown}
 q - a potion of degeneration {unknown}
 s - a potion of cancellation {unknown}
 u - a potion of magic {unknown}
 v - a potion of resistance {unknown}
 w - a potion of flight {unknown}


   Skills:
 + Level 4.6 Fighting
 + Level 3.1 Maces & Flails
 + Level 3.7 Armour
 + Level 2.2 Dodging
 * Level 4.6 Shields


You had 6 spell levels left.
You didn't know any spells.
Your spell library contained the following spells:

 Spells                   Type           Power      Damage    Failure   Level
 Static Discharge         Conj/Air       0%         N/A       96%         2
 Dispel Undead            Necr           0%         3d6       100%        4
 Sticky Flame             Conj/Fire      0%         2d3       100%        4


Dungeon Overview and Level Annotations

Branches:
Dungeon (4/15)
 Temple: D:4-7

Altars:


Innate Abilities, Weirdness & Mutations

You thrive by killing the living.
You are immune to poison.
You have sharp fingernails.
Your flesh is cold resistant. (rC+)
You are immune to negative energy. (rN+++)
You do not regenerate when monsters are visible.
You are immune to unholy pain and torment.


Message History

Okay, then.
An ogre comes into view. It is wielding a +0 giant club.
An ogre is nearby!
An ogre is nearby!
An ogre is nearby!
Found a scroll labelled PENUCV LEGHEG.
The ogre shouts!
An ogre is nearby!
An ogre is nearby!
The ogre hits you with a +0 giant club!!
An ogre is nearby!
You barely miss the ogre.
An ogre is nearby!
You hit the ogre but do no damage.
The ogre is poisoned.
The ogre hits you with a +0 giant club!
An ogre is nearby!
You are too injured to fight recklessly!
An ogre is nearby!
You are too injured to fight recklessly!
An ogre is nearby!
You are too injured to fight recklessly!
An ogre is nearby!
You are too injured to fight recklessly!
You see here 10 gold pieces.
You barely miss the ogre.
The ogre is lightly wounded.
The ogre hits you with a +0 giant club!!
* * * LOW HITPOINT WARNING * * *
The ogre barely misses you. The ogre hits you with a +0 giant club.
* * * LOW HITPOINT WARNING * * *
The ogre looks more healthy.
You see here 10 gold pieces.
Found a scroll labelled LYTOSHREDGHAI.
A scorpion comes into view.
The scorpion moves out of view.
The scorpion stings you.
* * * LOW HITPOINT WARNING * * *
The scorpion stings you.
You die...

..#.......####..........#
............#.....#.#.....
#.................#####....
...........##....## .#..?.
..........##......#........
...........##........#
#...........#...##).....
...............Os#......#
.....#.......>..@###....##
.. ...........#.....#
##......<..# ...##
#.........#.....#
.....##...........
..................
..................
.................
..............##


You could see an ogre and a scorpion.

Vanquished Creatures
  Sigmund (D:2)
  A scorpion (D:4)
  A bullfrog zombie (D:3)
  A hound (D:4)
  Natasha (D:2)
  7 adders
  A howler monkey skeleton (D:4)
  A worm (D:2)
  2 dart slugs
  3 orcs (D:3)
  4 endoplasms
  5 giant cockroaches
  11 goblins
  3 hobgoblins
  8 kobolds
  3 quokkas
  3 ball pythons
  8 bats
  5 frilled lizards
  6 rats
75 creatures vanquished.

Notes
Turn   | Place    | Note
-------+----------+-------------------------------------------
     0 | D:1      | HallandMoats the Ghoul Fighter began the quest for the Orb.
     0 | D:1      | Reached XP level 1. HP: 19/19 MP: 0/0
   290 | D:1      | Reached XP level 2. HP: 25/26 MP: 1/1
   812 | D:1      | Found a faded altar of an unknown god.
  1267 | D:2      | Reached XP level 3. HP: 30/31 MP: 2/2
  1434 | D:2      | Reached skill level 1 in Dodging
  1456 | D:2      | Identified the +1 dagger of Dividends {flame, *Corrode
                  | Str+6 Dex+2}
  1483 | D:2      | Reached XP level 4. HP: 39/40 MP: 3/3
  1596 | D:2      | Noticed Sigmund
  1625 | D:2      | Killed Sigmund
  1626 | D:2      | Reached XP level 5. HP: 26/46 MP: 4/4
  1626 | D:2      | Reached XP level 6. HP: 30/52 MP: 5/5
  1911 | D:2      | Noticed Natasha
  1917 | D:2      | Killed Natasha
  2973 | D:4      | Reached XP level 7. HP: 48/60 MP: 6/6
  2974 | D:4      | Identified the +2 robe "Urreareng" {rF+ rN+}
  3058 | D:4      | HP: 2/60 [ogre (2)]
  3092 | D:4      | HP: 2/60 [scorpion (1)]
  3095 | D:4      | Slain by a scorpion

Illustrated notes

Levels and vault maps discovered:
D:1:      lightli_arrival_maybe_door_vault, layout_basic,
          ebering_ecumenical_altar_box
D:2:      layout_basic, minmay_pentomino_z4, uniq_natasha, uniq_sigmund
D:3:      layout_basic
D:4:      layout_cave_pools, sigmund_army, uniq_robin

Skill      XL: |  1  2  3  4  5  6 |
---------------+-------------------+-----
Maces & Flails | 2 3 |  3.1
Shields        | 3 4 |  4.6
Armour         | 3 |  3.7
Dodging        | 1 2 |  2.2
Fighting       | 4 |  4.6

Action                   |  1- 3 |  4- 6 |  7- 9 || total
-------------------------+-------+-------+-------++-------
Melee: Flail             |    91 |       |       ||    91
       Short sword       |    19 |   153 |     3 ||   175
  Use: Potion            |       |     1 |       ||     1
Armor: Scale mail        |    66 |    95 |       ||   161
Dodge: Dodged            |    68 |    89 |     1 ||   158
Block: Buckler           |    17 |    34 |       ||    51

Table legend: (Time is in decaauts)
 A = Elapsed time spent in this place.
 B = Non-inter-level travel time spent in this place.
 C = Inter-level travel time spent in this place.
 D = Time resting spent in this place.
 E = Time spent auto-exploring this place.
 F = Levels seen in this place.
 G = Mean time per level.
                   A        B        C        D        E       F      G
               +--------+--------+--------+--------+--------+-----+--------+
         Total |   3148 |   3049 |     99 |      0 |   2387 |   4 |  787.0 |
       Dungeon |   3148 |   3049 |     99 |      0 |   2387 |   4 |  787.0 |
               +--------+--------+--------+--------+--------+-----+--------+

Top non-repeatable levels by time:
     D:1: 1282 daAuts
     D:3: 832 daAuts
     D:2: 765 daAuts
     D:4: 268 daAuts
